 Dungeon Crawl Stone Soup version 0.31-a0-1008-g5b978dac0e (webtiles) character file.

Game seed: 5383138416753606295

106523 Amplified the Protected (level 16, -11/154 HPs)
             Began as a Tengu Fighter on Nov 12, 2023.
             Was a High Priest of Trog.
             Killed from afar by Aizul (42 damage)
             ... with a bolt of poison
             ... on level 1 of the Swamp.
             The game lasted 00:31:37 (23251 turns).

Amplified the Protected (Tengu Fighter)            Turns: 23251, Time: 00:31:40

Health: -11/154    AC: 23    Str: 27    XL:     16   Next: 44%
Magic:  17/17      EV: 22    Int: 17    God:    Trog [*****.]
Gold:   894        SH: 13    Dex: 22    Spells: 15/15 levels left

rFire   + . .        f - +4 war axe of Invincibility {freeze, +Blink Dex+2}
rCold   . . .        c - +0 buckler
rNeg    + + .        Q - +3 chain mail {rF+}
rPois   .            (helmet restricted)
rElec   +            y - +2 cloak {Will+}
rCorr   +            I - +2 pair of gloves
SInv    .            (boots unavailable)
Will    +++++        h - amulet of Virtue {Reflect Drain Dex+7 SH+5} Stlth
                     T - ring "Fieq" {rN+ Will+ rCorr Int+5}
HPRegen 1.45/turn    t - ring "Vaos" {rElec rN+ Str+5 Stlth+}
MPRegen 0.15/turn

%: reflection, acrobat
@: berserking, lethally poisoned (-11 -> -26), strong-willed, flying,
regenerating, very quick
A: beak, talons 3, evasive flight, acrobatic
a: Renounce Religion, Evoke Blink, Berserk, Trog's Hand, Brothers in Arms


You were on level 1 of the Swamp.
You worshipped Trog.
Trog was extremely pleased with you.
You visited 4 branches of the dungeon, and saw 23 of its levels.
You also visited: Gauntlet and Volcano.

You collected 2511 gold pieces.
You spent 1617 gold pieces at shops.

Inventory:

Hand Weapons
 f - the +4 war axe of Invincibility (weapon) {freeze, +Blink Dex+2}
   (You found it on level 5 of the Dungeon)

   Dex+2:     It affects your dexterity (+2).
   +Blink:    It lets you blink.
 E - a +2 heavy broad axe
Missiles
 d - 4 throwing nets
 q - 25 poisoned darts
Armour
 c - a +0 buckler (worn)
 y - a +2 cloak of willpower (worn)
 I - a +2 pair of gloves (worn)
 Q - a +3 chain mail of fire resistance (worn)
Jewellery
 h - the amulet of Virtue (around neck) {Reflect Drain Dex+7 SH+5}
   (You acquired it on level 15 of the Dungeon)

   [amulet of reflection]

   Reflect:   It reflects blocked missile attacks.
   Dex+7:     It affects your dexterity (+7).
   Drain:     It drains your maximum health when unequipped.
   SH+5:      It affects your SH (+5).
 t - the ring "Vaos" (right hand) {rElec rN+ Str+5 Stlth+}
   (You acquired it on level 8 of the Dungeon)

   [ring of positive energy]

   Str+5:     It affects your strength (+5).
   rElec:     It insulates you from electricity.
   rN+:       It protects you from negative energy.
   Stlth+:    It makes you more stealthy.
 T - the ring "Fieq" (left hand) {rN+ Will+ rCorr Int+5}
   (You acquired it on level 5 of the Lair of Beasts)

   [ring of resist corrosion]

   Int+5:     It affects your intelligence (+5).
   rN+:       It protects you from negative energy.
   Will+:     It increases your willpower.
   rCorr:     It protects you from acid and corrosion.
 U - a ring of the Octopus King {rF+ HP+2 AC+2 EV+2 SH+2}
   (You found it on level 5 of the Lair of Beasts)

   [ring of protection from fire]

   AC+2:      It affects your AC (+2).
   EV+2:      It affects your evasion (+2).
   rF+:       It protects you from fire.
   HP+2:      It affects your health (+2).
   SH+2:      It affects your SH (+2).
 Z - the ring "Zuuqekk" {rPois rC+ Will+ Str+2 Stlth+}
   (You found it on level 13 of the Dungeon)

   [ring of willpower]

   Str+2:     It affects your strength (+2).
   rC+:       It protects you from cold.
   rPois:     It protects you from poison Will+: It increases your willpower.
   Stlth+:    It makes you more stealthy.
Talismans
 k - a talisman of death
 B - a serpent talisman
 J - a granite talisman
Wands
 b - a wand of flame (27)
 p - a wand of acid (17)
 A - a wand of mindburst (5)
 M - a wand of charming (12)
Scrolls
 a - 2 scrolls of identify
 g - 2 scrolls of fear
 j - 2 scrolls of fog
 o - 5 scrolls of teleportation
 z - 6 scrolls of immolation
 D - 5 scrolls of poison
 N - 2 scrolls of revelation
 S - a scroll of brand weapon
 W - a scroll of summoning
Potions
 e - 5 potions of enlightenment
 m - 2 potions of might
 r - 7 potions of resistance
 u - a potion of mutation
 v - 4 potions of curing
 w - a potion of berserk rage
 x - 4 potions of attraction
 C - 3 potions of ambrosia
 G - 2 potions of invisibility
 H - 2 potions of lignification
 L - 3 potions of magic
 P - 4 potions of haste
 X - 2 potions of heal wounds
Miscellaneous
 K - a phantom mirror
 O - a lightning rod (4/4)


   Skills:
 * Level 12.6 Fighting
 * Level 13.6 Axes
 * Level 13.8 Armour
 * Level 13.2 Dodging
 * Level 12.3 Shields
 * Level 11.8 Evocations


You had 15 spell levels left.
You didn't know any spells.
Your spell library was empty.

Dungeon Overview and Level Annotations

Branches:
Dungeon (15/15)            Temple (0/1) D:4            Lair (5/5) D:11
  Swamp (1/4) Lair:2       Spider (0/4) Lair:2        Slime (0/5) Lair:5
    Orc (2/2) D:10            Elf (0/3) Orc:2        Vaults (0/5) D:13
 Depths (0/4) D:15        Volcano (visited)         Gauntlet (visited)

Altars:
Hepliaklqana
Makhleb
Ru
Sif Muna
Trog
Vehumet
Wu Jian
The Shining One
Jiyva

Shops:
D:8 *   D:10 :*[   D:11 (   D:12 [   D:15 *   Orc:1 [   Orc:2 :[*(

Annotations:
Swamp:1 Aizul


Innate Abilities, Weirdness & Mutations

You have a beak for a mouth.
You have claws for feet.
Your magical flight helps you evade attacks. (EV +4)
You can magically evade attacks while moving or waiting.


Message History

Unknown command.
Unknown command.
You hit the spriggan druid. You freeze the spriggan druid.
You claw the spriggan druid.
The spriggan druid is almost dead.
You hit the bunyip but do no damage. You block the spriggan druid's attack.
Unknown command.
You slash the spriggan druid! You freeze the spriggan druid.
With its final breath, the spriggan druid offers up its power to the beasts of the wild!
The bunyip is healed.
The bunyip seems to grow more fierce.
You kill the spriggan druid!
Trog accepts your kill.
Trog appreciates your killing of a magic user.
You hit the bunyip. You freeze the bunyip.
The bunyip claws you but does no damage. x2
The bunyip claws you!!
Unknown command.
Okay, then.
Aizul casts a spell at you. The poison arrow misses you.
Unknown command.
You feel much better.
Unknown command.
Your skin crawls.
You feel strong-willed.
Aizul coils herself and waves her upper body at you.
The bolt of poison hits you!!
You are poisoned.
Aizul hisses menacingly.
The bunyip barely misses you. The bunyip claws you!!
* * * LOW HITPOINT WARNING * * *
The bunyip barely misses you.
Unknown command.
A red film seems to cover your vision as you go berserk!
You feel yourself moving faster!
You feel mighty!
You feel very sick. Aizul casts a spell at you. The bolt of poison hits you!!!
You are more poisoned.
You die...

~§~.♣♣♣ .~~.~♣ ~~~ ♣ ♣♣♣~...♣♣
.~. ♣♣♣ .~ ♣...~~.~♣ .~~ ♣♣.♣♣
~..♣....~.~♣♣... ♣...♣♣
♣.......~...♣ ♣♣...~♣
♣.~~~.S.$.~.♣ ♣..~~.♣
♣♣.~~~.†~))~.♣ ♣♣.~~~♣
♣~>~~~.@x.)~~♣ ♣♣.>[♣
♣§.~.~♣♣♣♣♣♣~♣♣♣♣♣♣~♣♣♣♣
♣♣.~~..~.~.~.....♣~.†.~♣ ..~~
~...~..~~~~~...~~.♣ ♣.~~.~~ ..~
~~.♣♣♣.~~~~~~..~~.♣ ~.~~... .~
~~ ♣♣.§~~~~....~♣♣ .~~..~♣♣
..♣.~~~....~~~§~~.~~~.♣
.~~..~.♣...~.~...~§~~~~~~~..~~.♣
.~~~..~♣..~~~~.♣.~~~...~~~~~~..♣


You could see Aizul and a bunyip (strong).

Vanquished Creatures
  Gastronok (Lair:1)
  Roxanne (D:14)
  The ghost of Jusownyff the Tortoise, a journeyman MiFi of Okawaru (Lair:5)
  3 orc warlords (Orc:2)
  A minotaur (Gauntlet)
  A dire elephant (Lair:5)
  A fire dragon (Lair:1)
  Snorg (Orc:2)
  Josephine (Lair:5)
  2 ettins
  4 hydras
  A catoblepas (Gauntlet)
  2 ogre magi (D:15)
  Erica (Lair:1)
  3 vault guards (D:13)
  A merfolk avatar (Lair:5)
  3 boulder beetles
  4 centaur warriors (D:15)
  The ghost of Kuwn the Slicer, a journeyman HuDe of Makhleb (Orc:1)
  5 two-headed ogres
  A dancing weapon (Volcano)
  2 alligators (Swamp:1)
  2 death scarabs (Gauntlet)
  A deep troll earth mage (D:15)
  Urug (D:12)
  2 occultists (Volcano)
  2 tengu warriors (D:15)
  An orc high priest (Orc:2)
  Lodul (D:11)
  2 skysharks (Lair:5)
  A sea snake (Lair:5)
  A spriggan druid (Swamp:1)
  2 lindwurms (Lair:1)
  2 arcanists (D:13)
  A harpy (Lair:5)
  A spectral hydra (Gauntlet)
  3 deep elf pyromancers
  9 orc knights
  3 necromancers
  An oklob plant (Lair:3)
  5 manticores
  5 cyclopes
  2 orc sorcerers (Orc:1)
  An ugly thing (D:13)
  2 moths of wrath (Orc:1)
  4 toenail golems (Volcano)
  17 elephants
  A black mamba (shapeshifter) (D:13)
  3 black mambas
  3 gargoyles
  A molten gargoyle (Lair:1)
  2 orange demons (D:12)
  Maggie (D:7)
  7 cane toads
  An efreet (D:14)
  4 rime drakes
  A kobold demonologist (D:9)
  10 komodo dragons
  A yaktaur (D:13)
  A tengu conjurer (D:13)
  The ghost of Pascal76 the Chopper, an amateur MiFi (D:6)
  3 polar bears (Lair:5)
  14 trolls
  4 hornets
  3 tyrant leeches
  2 snapping turtles (Lair:5)
  21 blink frogs
  Sigmund (D:4)
  A spectral black mamba (Gauntlet)
  2 spriggans (Swamp:1)
  2 shadows
  7 wraiths
  4 vampires
  9 wyverns
  4 fire bats (Lair:1)
  Grum (D:11)
  26 yaks
  A spectral komodo dragon (Gauntlet)
  19 humans
  20 vampire mosquitoes
  2 basilisks (Lair:3)
  5 steam dragons
  8 wargs
  6 swamp worms
  A spectral cane toad (Gauntlet)
  4 acid dragons
  18 water moccasins
  46 orc warriors
  An ice beast (D:6)
  A sky beast (D:6)
  7 black bears
  A black bear (shapeshifter) (D:15)
  10 centaurs
  12 ogres
  17 wolves
  A phantom (D:7)
  3 kobold brigands (D:9)
  14 bullfrogs
  9 scorpions
  2 gnoll sergeants (D:8)
  A howler monkey (D:6)
  2 electric eels (Lair:2)
  3 jellies (D:7)
  2 hounds
  19 orc priests
  2 gnoll boudas
  A sleepcap (D:6)
  Ijyb (D:5)
  2 iguanas
  14 orc wizards
  24 gnolls
  8 adders
  3 white imps
  4 ufetubi
  4 dart slugs
  68 orcs
  9 ball pythons
  10 bats
  7 endoplasms
  7 giant cockroaches
  12 hobgoblins
  6 jackals (D:1)
  11 kobolds
  8 quokkas
  4 frilled lizards
  6 goblins
  6 rats
706 creatures vanquished.

Vanquished Creatures (others)
  A bloated husk (Swamp:1)
  A butterfly (Lair:5)
2 creatures vanquished.

Grand Total: 708 creatures vanquished

Notes
Turn   | Place    | Note
-------+----------+-------------------------------------------
     0 | D:1      | Amplified the Tengu Fighter began the quest for the Orb.
     0 | D:1      | Reached XP level 1. HP: 14/14 MP: 2/2
   221 | D:1      | Reached XP level 2. HP: 19/19 MP: 3/3
   395 | D:1      | Reached XP level 3. HP: 23/23 MP: 4/4
   955 | D:2      | Reached XP level 4. HP: 28/28 MP: 5/5
  1786 | D:3      | Found a bloodstained altar of Trog.
  1804 | D:3      | Became a worshipper of Trog the Wrathful
  1872 | D:3      | Reached XP level 5. HP: 20/33 MP: 6/6
  1873 | D:3      | Found a radiant altar of Vehumet.
  2338 | D:4      | Noticed a black bear
  2347 | D:4      | Killed a black bear
  2348 | D:4      | Reached skill level 1 in Dodging
  2423 | D:4      | Reached XP level 6. HP: 38/38 MP: 7/7
  2476 | D:4      | Reached skill level 1 in Evocations
  2494 | D:4      | Found a staircase to the Ecumenical Temple.
  2508 | D:4      | Noticed Sigmund
  2526 | D:4      | Found a shimmering blue altar of Sif Muna.
  2559 | D:5      | Entered Level 5 of the Dungeon
  2777 | D:4      | Reached * piety under Trog
  2882 | D:5      | Identified the +4 war axe of Invincibility {freeze, +Blink
                  | Dex+2}
  2897 | D:5      | Gained mutation: Your magical flight helps you evade
                  | attacks. (EV +4) [Tengu growth]
  2897 | D:5      | Reached XP level 7. HP: 30/43 MP: 8/8
  3055 | D:5      | Found a glowing golden altar of the Shining One.
  3278 | D:5      | Reached skill level 5 in Armour
  3372 | D:5      | Noticed Ijyb
  3378 | D:5      | Killed Ijyb
  3510 | D:5      | Reached XP level 8. HP: 48/48 MP: 9/9
  3693 | D:6      | Reached skill level 5 in Fighting
  3693 | D:6      | Reached skill level 5 in Axes
  3709 | D:6      | Reached skill level 5 in Shields
  3962 | D:6      | Reached ** piety under Trog
  4354 | D:6      | Found a runed translucent door.
  4357 | D:6      | Noticed Pascal76's ghost (amateur MiFi)
  4796 | D:7      | Reached XP level 9. HP: 47/54 MP: 10/10
  4856 | D:7      | Noticed Maggie
  4864 | D:7      | Killed Maggie
  4981 | D:7      | Found a transporter.
  5090 | D:7      | Found a transporter.
  5120 | D:7      | Found a burning altar of Makhleb.
  5406 | D:8      | Found Waptim's Fire Supplies.
  5418 | D:8      | Reached skill level 5 in Dodging
  5557 | D:8      | Found a sacrificial altar of Ru.
  5680 | D:8      | Identified a scroll of acquirement
  5680 | D:8      | Acquired the ring "Vaos" {rElec rN+ Str+5 Stlth+}
  5697 | D:8      | Reached *** piety under Trog
  5836 | D:8      | Noticed a hornet
  6009 | D:9      | Noticed a kobold demonologist
  6015 | D:9      | Killed a kobold demonologist
  6016 | D:9      | Reached skill level 5 in Evocations
  6016 | D:9      | Reached XP level 10. HP: 61/61 MP: 11/11
  6146 | D:9      | Noticed a two-headed ogre
  6155 | D:9      | Killed a two-headed ogre
  6749 | D:10     | Entered Level 10 of the Dungeon
  6757 | D:10     | Found Tuvviex's Book Shop.
  6784 | D:10     | Found Famu's General Store.
  6847 | D:10     | Bought a potion of curing for 51 gold pieces
  6878 | D:10     | Found Sall's Armour Shoppe.
  6882 | D:10     | Identified the +0 pair of boots of a bailey {rF+}
  7318 | D:10     | Found a staircase to the Orcish Mines.
  7718 | D:11     | Reached XP level 11. HP: 51/67 MP: 12/12
  7813 | D:11     | Found a staircase to the Lair.
  7959 | D:11     | Found Heakok Esavi's Antique Weapon Emporium.
  7967 | D:11     | Noticed Grum
  7973 | D:11     | Killed Grum
  8359 | D:11     | Noticed Lodul
  8378 | D:11     | Killed Lodul
  8409 | D:11     | Reached **** piety under Trog
  8553 | D:11     | Noticed a boulder beetle
  8571 | D:11     | Killed a boulder beetle
  8768 | D:12     | Found Ymylisiu's Antique Armour Shoppe.
  8844 | D:12     | Noticed a two-headed ogre
  8850 | D:12     | Killed a two-headed ogre
  8955 | D:12     | Noticed a cyclops
  8963 | D:12     | Killed a cyclops
  8964 | D:12     | Reached XP level 12. HP: 75/75 MP: 13/13
  9065 | D:12     | Noticed a two-headed ogre
  9073 | D:12     | Killed a two-headed ogre
  9120 | D:12     | Noticed a two-headed ogre
  9127 | D:12     | Killed a two-headed ogre
  9313 | D:12     | Noticed Urug
  9325 | D:12     | Killed Urug
  9993 | D:10     | Bought the +6 chain mail "Qylaoh" {rCorr} for 706 gold
                  | pieces
 10076 | D:7      | Reached skill level 10 in Armour
 10090 | D:7      | Identified the +1 helmet "Ollotem" {rN+ Str+5}
 10141 | D:6      | Killed Pascal76's ghost
 10224 | D:4      | Killed Sigmund
 10530 | D:4      | Found a hazy altar of Hepliaklqana.
 10722 | Lair:1   | Entered Level 1 of the Lair of Beasts
 10851 | Lair:1   | Noticed a fire dragon
 10885 | Lair:1   | Reached skill level 10 in Axes
 11222 | Lair:1   | Reached XP level 13. HP: 68/80 MP: 14/14
 11357 | Lair:1   | Identified the +0 falchion "Joakh" {speed, *Corrode Dex+5
                  | SInv}
 11765 | Lair:1   | Noticed Erica
 11770 | Lair:1   | Killed Erica
 11833 | Lair:1   | Noticed Gastronok
 11839 | Lair:1   | Killed Gastronok
 11943 | Lair:1   | Killed a fire dragon
 12174 | Lair:2   | Found an ornate altar of the Wu Jian Council.
 12302 | Lair:2   | Reached skill level 10 in Dodging
 12487 | Lair:2   | Found a hole to the Spider Nest.
 12915 | Lair:2   | Reached skill level 10 in Fighting
 12916 | Lair:2   | Found a staircase to the Swamp.
 12960 | Lair:3   | Found a gate leading to a gauntlet.
 12974 | Gauntlet | Entered a Gauntlet
 12974 | Gauntlet | Found a transporter.
 12974 | Gauntlet | Found a transporter.
 13000 | Gauntlet | Found a transporter.
 13021 | Gauntlet | Found a transporter.
 13030 | Gauntlet | Found a runed translucent door.
 13033 | Gauntlet | Found a transporter.
 13033 | Gauntlet | Found a transporter.
 13036 | Gauntlet | Found a transporter.
 13036 | Gauntlet | Found a transporter.
 13046 | Gauntlet | Found a runed translucent gate.
 13046 | Gauntlet | Found a runed translucent gate.
 13046 | Gauntlet | Found a runed translucent gate.
 13048 | Gauntlet | Found a transporter.
 13066 | Gauntlet | Found a transporter.
 13073 | Gauntlet | Found a transporter.
 13075 | Gauntlet | Found the amulet of Elemental Vulnerability {rPois rF--
                  | rC-- AC+8}
 13091 | Gauntlet | Found a transporter.
 13111 | Gauntlet | Found a transporter.
 13111 | Gauntlet | Found a transporter.
 13380 | Gauntlet | Identified the ring of the Five Leaping Songs {+Blink rPois
                  | Will- Dex+6 SInv}
 13397 | Gauntlet | Noticed a minotaur
 13406 | Gauntlet | Killed a minotaur
 13407 | Gauntlet | Reached skill level 10 in Shields
 13415 | Gauntlet | Identified the +0 robe "Uhic Huobu" {+Inv Fly Regen+
                  | Stlth-}
 13971 | Lair:3   | Reached XP level 14. HP: 77/88 MP: 15/15
 15612 | Lair:5   | Entered Level 5 of the Lair of Beasts
 15618 | Lair:5   | Noticed Jusownyff's ghost (journeyman MiFi)
 15661 | Lair:5   | Found a runed translucent door.
 15691 | Lair:5   | Killed Jusownyff's ghost
 15692 | Lair:5   | Reached skill level 10 in Evocations
 15747 | Lair:5   | Found a dark tunnel.
 15756 | Volcano  | Entered a volcano
 16103 | Lair:5   | Noticed a dire elephant
 16473 | Lair:5   | Acquired the ring "Fieq" {rN+ Will+ rCorr Int+5}
 16583 | Lair:5   | Noticed Josephine
 16595 | Lair:5   | Killed Josephine
 16818 | Lair:5   | Killed a dire elephant
 16819 | Lair:5   | Reached XP level 15. HP: 95/95 MP: 16/16
 16896 | Lair:5   | Found the ring of the Octopus King
 16908 | Lair:5   | Identified a ring of the Octopus King {rF+ HP+2 AC+2 EV+2
                  | SH+2}
 17079 | Lair:5   | Found a viscous altar of Jiyva.
 17079 | Lair:5   | Found a staircase to the Slime Pits.
 17431 | Orc:1    | Entered Level 1 of the Orcish Mines
 17472 | Orc:1    | Found Jiggeaz's Antique Armour Boutique.
 17713 | Orc:1    | Found a transporter.
 17722 | Orc:1    | Noticed Kuwn's ghost (journeyman HuDe)
 17918 | Orc:1    | Found a transporter.
 18146 | Orc:1    | Killed Kuwn's ghost
 18148 | Orc:1    | Identified the +0 pair of boots of the Grue {Harm rC++
                  | Int-2 Stlth+}
 18192 | Orc:2    | Entered Level 2 of the Orcish Mines
 18193 | Orc:2    | Noticed an orc warlord
 18213 | Orc:2    | Killed an orc warlord
 18221 | Orc:1    | Reached ***** piety under Trog
 18345 | Orc:2    | Found a staircase to the Elven Halls.
 18496 | Orc:2    | Noticed an orc warlord
 18513 | Orc:2    | Noticed an orc warlord
 18523 | Orc:2    | Killed an orc warlord
 18538 | Orc:2    | HP: 6/144 [orc warlord/+8 great sword of electrocution
                  | (32)]
 18786 | Orc:2    | Killed an orc warlord
 18947 | Orc:2    | Found Qaewicid's Book Boutique.
 19040 | Orc:2    | Found Elolat's General Store.
 19086 | Orc:2    | Noticed Snorg
 19099 | Orc:2    | Killed Snorg
 19175 | Orc:2    | Found Fept's Antique Armour Emporium.
 19269 | Orc:2    | Bought a scroll of identify for 30 gold pieces
 19612 | Orc:2    | Found Nulof's Antique Weapon Emporium.
 19929 | Orc:2    | Bought a translucent robe for 165 gold pieces
 19929 | Orc:2    | Identified the +1 robe of New Discoveries {rF+ rCorr} (You
                  | bought it in a shop on level 2 of the Orcish Mines)
 19929 | Orc:2    | Bought a jewelled leather armour for 203 gold pieces
 19929 | Orc:2    | Identified the +5 leather armour of Defence {Dex+5} (You
                  | bought it in a shop on level 2 of the Orcish Mines)
 20279 | D:13     | You are sucked into a shaft and drop 2 floors!
 20279 | D:15     | Entered Level 15 of the Dungeon
 20313 | D:15     | Found Gimaap's Assorted Antiques.
 20318 | D:15     | Bought a potion of magic for 168 gold pieces
 20318 | D:15     | Bought a scroll of fear for 84 gold pieces
 20318 | D:15     | Bought a potion of resistance for 210 gold pieces
 20555 | D:15     | Received a gift from Trog
 20707 | D:15     | Acquired the amulet of Virtue {Reflect Drain Dex+7 SH+5}
 21049 | D:15     | Found a staircase to the Depths.
 21171 | D:15     | Found a hazy altar of Hepliaklqana.
 21174 | D:15     | Identified the +10 mace of Rugoh {freeze, *Slow rCorr
                  | Int+5}
 21212 | D:15     | Reached XP level 16. HP: 101/101 MP: 17/17
 21467 | D:14     | Noticed Roxanne
 21492 | D:14     | Killed Roxanne
 22213 | D:13     | Identified the ring "Zuuqekk" {rPois rC+ Will+ Str+2
                  | Stlth+}
 22260 | D:13     | Found a gate to the Vaults.
 22946 | Swamp:1  | Entered Level 1 of the Swamp
 23245 | Swamp:1  | Identified the serpent talisman of Kaafod {Int+3 Slay+3
                  | SInv}
 23245 | Swamp:1  | Noticed Aizul
 23251 | Swamp:1  | Killed from afar by Aizul

Illustrated notes

Levels and vault maps discovered:
D:1:      dpeg_arrival_castle, layout_basic
D:2:      layout_basic, minmay_pentomino_o2
D:3:      layout_rooms, bloody_trog, vehumet_altar_wand_db, grunt_decor_clamped
D:4:      layout_loops_ring, amcnicky_altar_gilded, kennysheep_mini,
          minmay_temple_entry_tees, corexii_checkpoint, bh_walls_and_bars,
          uniq_sigmund
D:5:      layout_gridville, lemuel_crystal_altar, uniq_ijyb
D:6:      layout_basic, ebering_ghost_sewer_d, roderic_batcave
D:7:      gammafunk_cloud_chamber, layout_rooms, kennysheep_mini_moat,
          uniq_maggie
D:8:      layout_basic, mainiacjoe_overflow_surrounded_room,
          minmay_misc_feat_tower, abandoned_shop, nicolae_shop_fire_sale
          [nicolae_sub_dead_trees], grunt_tough_drop
D:9:      layout_stronghold
D:10:     layout_basic, david_orc_5, serial_shops,
          nicolae_shop_tiny_real_fake_doors, nicolae_square_shop, shop,
          minmay_crystal_water, nicolae_letterblocks [nicolae_letter_subblock,
          nicolae_letter_subblock, nicolae_letter_subblock,
          nicolae_letter_subblock, nicolae_letter_subblock,
          nicolae_letter_subblock, nicolae_letter_subblock,
          nicolae_letter_subblock, nicolae_letter_subblock,
          nicolae_letter_subblock, nicolae_letter_subblock,
          nicolae_letter_subblock, nicolae_letter_subblock,
          nicolae_letter_subblock, nicolae_letter_subblock,
          nicolae_letter_subblock, nicolae_letter_subblock,
          nicolae_letter_subblock, nicolae_letter_subblock,
          nicolae_letter_subblock, nicolae_letter_subblock,
          nicolae_letter_subblock, nicolae_letter_subblock,
          nicolae_letter_subblock, nicolae_letter_subblock]
D:11:     layout_roguey, minmay_lair_entry_grove, serial_shops, shop, uniq_grum,
          uniq_lodul
D:12:     layout_gridville, serial_shops, shop, einodemon_barbed_minivault,
          uniq_urug
D:13:     layout_basic, grunt_vaults_entry_tiered
D:14:     layout_basic, uniq_roxanne
D:15:     hellmonk_depths_entry_around_the_bend, layout_basic, nrook_campfire,
          serial_shops, shop, nicolae_hepliaklqana_hazy_memory
Lair:1:   dragon1_lemuel, layout_cave_pods, nicolae_lair_lindhole,
          infiniplex_staircase_pool, serial_bayou_shore_b, uniq_gastronok,
          uniq_erica
Lair:2:   layout_small_grid, palyth_hydra_swamp_entry, dummy_spider_entry,
          basic_altar, serial_bayou_shore_a
Lair:3:   layout_regular_city, gauntlet_entry_generic
Lair:4:   layout_hall_layers, grunt_megastairs_3, lemuel_fruit_fields,
          lemuel_fruit_fields
Lair:5:   gammafunk_lair_ancient_temple, layout_misc_corridors, slime_entry_1,
          nicolae_volcano_entry_two_sided, hellmonk_ghost_happy_afterlife,
          uniq_josephine
Swamp:1:  layout_basic_swamp, hangedman_swamp_cone, uniq_louise, uniq_aizul
Orc:1:    layout_caves, serial_shops, shop, gammafunk_ghost_berserking_beasts
Orc:2:    grunt_orc_gardens, layout_diamond_mine, grunt_orc_garden,
          grunt_orc_garden, grunt_orc_garden, grunt_orc_garden, uniq_snorg

Skill      XL: |  1  2  3  4  5  6  7  8  9 10 11 12 13 14 15 16 |
---------------+-------------------------------------------------+-----
Axes           | 3 4 5 6 7 9 10 11 12 13 | 13.6
Armour         | 4 5 6 7 8 9 10 11 12 13 | 13.8
Dodging        | 1 2 3 4 5 7 8 9 10 11 12 13 | 13.2
Fighting       | 4 5 6 7 8 9 10 11 12 | 12.6
Shields        | 4 5 6 7 8 9 10 11 12 | 12.3
Evocations     | 1 2 3 5 6 7 8 9 10 11 | 11.8

Action                     |  1- 3 |  4- 6 |  7- 9 | 10-12 | 13-15 | 16-18 || total
---------------------------+-------+-------+-------+-------+-------+-------++-------
  Melee: War axe           |    75 |   109 |   188 |   353 |   988 |   175 ||  1888
         Kick              |    13 |    23 |    45 |   117 |   354 |    66 ||   618
         Peck              |     5 |    12 |    34 |    63 |   228 |    40 ||   382
 Invoke: Berserk           |       |       |    10 |    15 |    21 |     4 ||    50
         Trog's Hand       |       |       |       |     5 |    17 |     3 ||    25
         Brothers in Arms  |       |       |       |       |     1 |       ||     1
  Evoke: Wand              |       |     1 |       |     2 |     4 |     8 ||    15
         Lightning rod     |       |       |       |       |     1 |       ||     1
    Use: Scroll            |     1 |     4 |     6 |     8 |    21 |     4 ||    44
         Potion            |       |     2 |       |     3 |     3 |     1 ||     9
   Stab: Sleeping          |       |       |       |     6 |       |       ||     6
 Armour: Plate armour      |    48 |   108 |    30 |       |       |       ||   186
         Steam dragon scal |       |       |    50 |    88 |       |       ||   138
         Chain mail        |       |       |       |    51 |   531 |   101 ||   683
         Scale mail        |       |       |       |    20 |       |       ||    20
  Dodge: Dodged            |    35 |    39 |   201 |   404 |   961 |   138 ||  1778
  Block: Buckler           |    18 |    31 |    63 |   133 |   368 |   119 ||   732
         Reflection        |       |       |       |       |       |     4 ||     4

Table legend: (Time is in decaauts)
 A = Elapsed time spent in this place.
 B = Non-inter-level travel time spent in this place.
 C = Inter-level travel time spent in this place.
 D = Time resting spent in this place.
 E = Time spent auto-exploring this place.
 F = Levels seen in this place.
 G = Mean time per level.
                   A        B        C        D        E       F      G
               +--------+--------+--------+--------+--------+-----+--------+
         Total |  23759 |  22334 |   1425 |   1677 |  15881 |  25 |  950.4 |
       Dungeon |  13828 |  12874 |    954 |    501 |   9849 |  15 |  921.9 |
          Lair |   6349 |   5998 |    351 |    524 |   4285 |   5 | 1269.8 |
         Swamp |    298 |    298 |      0 |      0 |    219 |   1 |  298.0 |
  Orcish Mines |   2556 |   2436 |    120 |    554 |   1374 |   2 | 1278.0 |
       Volcano |    254 |    254 |      0 |      0 |      1 |   1 |  254.0 |
      Gauntlet |    472 |    472 |      0 |     97 |    152 |   1 |  472.0 |
               +--------+--------+--------+--------+--------+-----+--------+

Top non-repeatable levels by time:
  Lair:1: 1541 daAuts
  Lair:5: 1478 daAuts
   Orc:2: 1425 daAuts
  Lair:3: 1303 daAuts
     D:6: 1210 daAuts
    D:11: 1200 daAuts
     D:5: 1184 daAuts
    D:12: 1169 daAuts
    D:15: 1137 daAuts
   Orc:1: 1130 daAuts
    D:10: 1126 daAuts
  Lair:4: 1014 daAuts
  Lair:2: 1011 daAuts
    D:13: 915 daAuts
     D:1: 907 daAuts
